 Dungeon Crawl Stone Soup version 0.29-a0-613-gf2c431b9b9 (webtiles) character file.

Game seed: 7380059836672006600

65 dolemite99 the Bolt Thrower (level 3, -1/30 HPs)
             Began as a Minotaur Hunter on June 16, 2022.
             Was an Initiate of Gozag.
             Killed by nerve-wracking pain
             ... invoked by Grinder
              (12 damage)
             ... on level 3 of the Dungeon.
             The game lasted 00:02:33 (2710 turns).

dolemite99 the Bolt Thrower (Minotaur Hunter)       Turns: 2710, Time: 00:02:33

Health: -1/30      AC:  7    Str: 17    XL:     3   Next: 92%
Magic:  2/2        EV: 11    Int:  6    God:    Gozag
Gold:   217        SH:  0    Dex: 13    Spells: 2/2 levels left

rFire   . . .      SeeInvis .   a - +1 hand crossbow
rCold   . . .      Faith    .   (no shield)
rNeg    . . .      Spirit   .   m - +2 ring mail {Will+}
rPois   .          Reflect  .   (helmet restricted)
rElec   .          Harm     .   (no cloak)
rCorr   .          Rampage  .   (no gloves)
Will    +....                   (no boots)
Stlth   +.........              (no amulet)
HPRegen 0.10/turn               (no ring)
MPRegen 0.08/turn               (no ring)

@: no status effects
A: horns 2, retaliatory headbutt
a: Renounce Religion, Potion Petition, Call Merchant, Bribe Branch


You were on level 3 of the Dungeon.
You worshipped Gozag.
Gozag was aware of your devotion.
You visited 1 branch of the dungeon, and saw 3 of its levels.

You collected 217 gold pieces.

Inventory:

Hand Weapons
 a - a +1 hand crossbow (weapon)
 f - a +0 dagger of holy wrath
 q - a +0 hunting sling
Missiles
 l - 134 stones
Armour
 b - a +0 leather armour
 m - a +2 ring mail of willpower (worn)
Jewellery
 j - a ring of flight
Wands
 o - a wand of digging (7)
Scrolls
 c - 4 scrolls of immolation
 g - a scroll of teleportation
 i - a scroll of brand weapon {unknown}
 k - 3 scrolls of identify {unknown}
 n - a scroll of fog {unknown}
 p - a scroll of amnesia {unknown}
Potions
 d - 2 potions of attraction {unknown}
 e - 2 potions of curing
 h - a potion of cancellation {unknown}
 r - a potion of might {unknown}
 s - a potion of mutation {unknown}


   Skills:
 - Level 2.4 Fighting
 + Level 6.1 Crossbows
 - Level 2.1 Dodging
 - Level 0.7 Stealth


You had 2 spell levels left.
You didn't know any spells.
Your spell library contained the following spells:

 Spells                   Type           Power      Damage    Failure   Level
 Sandblast                Erth           0%         2d4       67%         1
 Passwall                 Tmut/Erth      0%         N/A       80%         2
 Stone Arrow              Conj/Erth      0%         3d7       95%         3


Dungeon Overview and Level Annotations

Branches:
Dungeon (3/15)

Altars:
Gozag
Sif Muna

Shops:
D:2 (

Annotations:
D:2 Sigmund
D:3 Grinder


Innate Abilities, Weirdness & Mutations

You have a pair of horns on your head.
You reflexively headbutt those who attack you in melee.


Message History

You shoot a bolt.
The bolt hits Grinder but does no damage.
Grinder is heavily wounded.
Grinder hits you but does no damage.
Shoot: a) +1 hand crossbow
Press: ? - help, Q - select action, (/) - cycle Shift-Dir - straight line, f/p - Grinder
Aim: Grinder (heavily wounded, 61% to hit)
You shoot a bolt.
The bolt hits Grinder but does no damage.
Grinder is heavily wounded.
Grinder closely misses you. Grinder completely misses you.
Shoot: a) +1 hand crossbow
Press: ? - help, Q - select action, (/) - cycle Shift-Dir - straight line, f/p - Grinder
Aim: Grinder (heavily wounded, 61% to hit)
You shoot a bolt. The bolt hits Grinder.
Grinder is heavily wounded.
Grinder barely misses you. You furiously retaliate!
You headbutt Grinder.
Shoot: a) +1 hand crossbow
Press: ? - help, Q - select action, (/) - cycle Shift-Dir - straight line, f/p - Grinder
Aim: Grinder (severely wounded, 61% to hit)
You shoot a bolt. The bolt closely misses Grinder.
Grinder gestures at you.
You easily resist.
Shoot: a) +1 hand crossbow
Press: ? - help, Q - select action, (/) - cycle Shift-Dir - straight line, f/p - Grinder
Aim: Grinder (severely wounded, 61% to hit)
You shoot a bolt. The bolt barely misses Grinder.
Grinder gestures at you.
You suddenly lose the ability to move!
Grinder hits you!
You writhe in agony.
You can move again.
Shoot: a) +1 hand crossbow
Press: ? - help, Q - select action, (/) - cycle Shift-Dir - straight line, f/p - Grinder
Aim: Grinder (severely wounded, 61% to hit)
You shoot a bolt. The bolt hits Grinder!
Grinder is almost dead.
Grinder gestures at you. Pain shoots through your body!
You die...
Your body crumbles into a pile of gold.

....##.# ##.## #.##.##.#
#... #.##.##.# ####
...#.##.# #######
##...#.#.###...... ##..#
#...##.##### # #
##...####......#
..#.#.##....<##...##..####
......#.5@................
#...................#### $
.<..##.....#...##.##.# .#
#..#..###.##.##.#
#.###.....# #.##.##.#
#......#### #.##.##.#
#.....##.# #.##.##.#
###.## #.# #.##.##.# # #.#
#. #.##.#


You could see Grinder.

Vanquished Creatures
  An adder (D:3)
  A dart slug (D:2)
  3 orcs (D:3)
  4 endoplasms
  3 giant cockroaches (D:1)
  7 goblins
  4 hobgoblins
  7 kobolds
  4 ball pythons
  A bat (D:1)
  2 frilled lizards (D:3)
  9 rats
46 creatures vanquished.

Vanquished Creatures (others)
  A plant (D:2)
1 creature vanquished.

Grand Total: 47 creatures vanquished

Notes
Turn   | Place    | Note
-------+----------+-------------------------------------------
     0 | D:1      | dolemite99 the Minotaur Hunter began the quest for the Orb.
     0 | D:1      | Reached XP level 1. HP: 18/18 MP: 0/0
   296 | D:1      | Reached XP level 2. HP: 25/25 MP: 1/1
   320 | D:1      | Reached skill level 5 in Crossbows
   987 | D:2      | Found a faded altar of an unknown god.
   993 | D:2      | Prayed at the altar of an unknown god.
   993 | D:2      | Became a worshipper of Gozag Ym Sagoz the Greedy
  1064 | D:2      | Found a shimmering blue altar of Sif Muna.
  1100 | D:2      | Reached XP level 3. HP: 30/30 MP: 2/2
  1187 | D:2      | Found Fethriad's Antique Weapon Shop.
  1872 | D:2      | Noticed Sigmund
  2215 | D:3      | Reached skill level 6 in Crossbows
  2546 | D:3      | Noticed Grinder
  2701 | D:3      | Paralysed by Grinder for 2 turns
  2708 | D:3      | Paralysed by Grinder for 2 turns
  2710 | D:3      | Killed from afar by Grinder

Illustrated notes

Levels and vault maps discovered:
D:1:      wheals_arrival_linesprint, layout_loops_ring, serial_aquarium,
          aquarium_bridge_square [aquarium_subvault_bridge,
          aquarium_subvault_wall, aquarium_subvault_wall,
          aquarium_subvault_window], aquarium_window_fake, aquarium_window_2,
          aquarium_window_1, aquarium_window_corner, aquarium_view_2c,
          aquarium_view_2f, aquarium_balcony_double_1, aquarium_pool_1
D:2:      layout_basic, serial_shops, nicolae_shop_overgrown_old_shop,
          basic_altar, hellmonk_ecumenical_altar_lost_god, uniq_sigmund
D:3:      layout_loops_ring, uniq_grinder

Skill      XL: |  1  2  3 |
---------------+----------+-----
Crossbows      | 5 6 |  6.1
Fighting       | |  2.4
Dodging        | |  2.1
Stealth        | |  0.7

Action                   || total
-------------------------++-------
 Fire: Hand crossbow     ||   150
  Use: Scroll            ||     2
Armor: Leather armour    ||     7
       Ring mail         ||    15
Dodge: Dodged            ||    36

Table legend: (Time is in decaauts)
 A = Elapsed time spent in this place.
 B = Non-inter-level travel time spent in this place.
 C = Inter-level travel time spent in this place.
 D = Time resting spent in this place.
 E = Time spent auto-exploring this place.
 F = Levels seen in this place.
 G = Mean time per level.
                   A        B        C        D        E       F      G
               +--------+--------+--------+--------+--------+-----+--------+
         Total |   2751 |   2628 |    123 |    482 |   1752 |   3 |  917.0 |
       Dungeon |   2751 |   2628 |    123 |    482 |   1752 |   3 |  917.0 |
               +--------+--------+--------+--------+--------+-----+--------+

Top non-repeatable levels by time:
     D:1: 1000 daAuts
     D:2: 922 daAuts
     D:3: 828 daAuts
